 Dungeon Crawl Stone Soup version 0.22-a0-410-g97be04f (webtiles) character file.

24287 4thArraOfDagon the Thaumaturge (level 12, -13/74 HPs)
             Began as a Mummy Fire Elementalist on May 11, 2018.
             Was an Elder of Sif Muna.
             Killed from afar by a frost giant (14 damage)
             ... with a bolt of cold
             ... in an ice cave.
             The game lasted 00:34:15 (12839 turns).

4thArraOfDagon the Thaumaturge (MuFE)              Turns: 12839, Time: 00:34:15

Health: -13/74     AC: 10    Str: 12    XL:     12   Next: 79%
Magic:  8/27       EV: 11    Int: 21    God:    Sif Muna [****..]
Gold:   485        SH:  0    Dex: 13    Spells: 20/33 levels left

rFire    . . .     SeeInvis .   r - +2 glaive (protect)
rCold    + + .     Gourm    .   (shield currently unavailable)
rNeg     + + +     Faith    .   B - +1 leather armour {rF+}
rPois    ∞         Spirit   .   b - +2 hat
rElec    .         Reflect  .   p - +2 cloak {MR+}
rCorr    .         Harm     .   (no gloves)
MR       ++...                  g - +0 pair of boots
Stlth    ++........             q - amulet of the acrobat
HPRegen  0.22/turn              a - +3 ring of intelligence
MPRegen  0.20/turn              v - ring of protection from cold

@: very slightly contaminated, divine energy
A: no food or potions, fire vulnerability, cold resistance 1, negative energy
resistance 3, torment resistance, unbreathing
a: Stop Divine Energy, Channel Magic, Forget Spell, Renounce Religion


You were in an ice cave.
You worshipped Sif Muna.
Sif Muna was greatly pleased with you.
You were not hungry.

You visited 2 branches of the dungeon, and saw 14 of its levels.
You also visited: Ice Cave.

You collected 804 gold pieces.
You spent 319 gold pieces at shops.

Inventory:

Hand Weapons
 h - the +4 mace of Fortitude {flame, -Tele Str+3 Dex+7 SInv}
   (You found it on level 6 of the Dungeon)

   It has been specially enchanted to burn those struck by it, causing extra
   injury to most foes and up to half again as much damage against particularly
   susceptible opponents.
   It affects your strength (+3).
   It affects your dexterity (+7).
   It lets you see invisible.
   It prevents most forms of teleportation.
 r - a +2 glaive of protection (weapon)
 x - a +1 battleaxe of freezing
Missiles
 s - 2 throwing nets (quivered)
Armour
 b - a +2 hat (worn)
 g - a +0 pair of boots (worn)
 p - a +2 cloak of magic resistance (worn)
 B - a +1 leather armour of fire resistance (worn)
Jewellery
 a - a +3 ring of intelligence (left hand)
 q - an amulet of the acrobat (around neck)
 v - a ring of protection from cold (right hand)
Wands
 w - a wand of flame (16)
 y - a wand of iceblast (2)
 z - a wand of acid (5)
 A - a wand of enslavement (11)
Scrolls
 c - 8 scrolls of fog
 d - a scroll of brand weapon
 e - 4 scrolls of blinking
 f - 7 scrolls of remove curse
 i - a scroll of teleportation
 k - a scroll of noise
 l - a scroll of identify
 m - a scroll of immolation
 n - a scroll of fear
 o - 5 scrolls of magic mapping
 t - a scroll of amnesia
 u - a scroll of enchant armour


   Skills:
 - Level 1.5 Dodging
 - Level 1.5 Stealth
 + Level 11.1 Spellcasting
 * Level 10.8 Conjurations
 * Level 11.0 Fire Magic
 + Level 7.5 Invocations


You had 20 spell levels left.
You knew the following spells:

 Your Spells              Type           Power        Failure   Level  Hunger
a - Flame Tongue          Conj/Fire      #####        1%          1    N/A
b - Conjure Flame         Conj/Fire      ######..     1%          3    N/A
c - Sticky Flame          Conj/Fire      ######..     1%          4    N/A
d - Fireball              Conj/Fire      ######....   2%          5    N/A

Dungeon Overview and Level Annotations

Branches:
Dungeon (13/15)            Temple (1/1) D:4            Lair (0/6) D:10
    Orc (0/2) D:10
 Vaults: D:13-14

Altars:
Ashenzari
Cheibriados
Dithmenos
Elyvilon
Fedhas
Gozag
Hepliaklqana
Kikubaaqudgha
Makhleb
Nemelex Xobeh
Okawaru
Qazlal
Ru
Sif Muna
Trog
Uskayaw
Vehumet
Wu Jian
Xom
Yredelemnul
Zin
The Shining One

Shops:
D:10 ?   D:12 ?

Annotations:
D:13 Azrael


Innate Abilities, Weirdness & Mutations

You do not eat or drink.
Your flesh is vulnerable to fire.
You are immune to poison.
Your flesh is cold resistant. (rC+)
You are immune to negative energy. (rN+++)
You are immune to unholy pain and torment.
You can survive without breathing.


Message History

The fireball explodes!
The fireball engulfs the frost giant.
The frost giant resists.
The frost giant is almost dead.
The frost giant casts a spell at you. The bolt of cold hits you! You resist.
* * * LOW HITPOINT WARNING * * *
Unknown command.
Unknown command.
Unknown command.
Casting: Fireball (safe; 2% risk of failure)
Confirm with . or Enter, or press ? or * to list all spells.
Aiming: Fireball (safe; 2% risk of failure)
Press: ? - help, Shift-Dir - straight line, f/p - frost giant
Aim: a frost giant, wielding a battleaxe of freezing and wearing a tubular emerald ring (almost dead)
The fireball explodes!
The fireball engulfs the frost giant.
The frost giant resists.
The frost giant is almost dead.
The frost giant gestures at you while chanting.
The bolt of cold hits you! You resist.
You die...

###
###÷..÷#≈≈≈≈≈≈
####÷###≈≈≈#
##..# ###..##
###...##
##....##
#.....##
##...C..#
#@.......
#.##...... ..#
####.... ..##
#.... ..#
###### #


You could see a frost giant.

Vanquished Creatures
  The ghost of 4thArraOfDagon the Severer, a journeyman MiFi of the Shining One (D:11)
  Harold (D:10)
  4 two-headed ogres
  3 death yaks (IceCv)
  Nergalle (D:10)
  2 manticores
  4 cyclopes
  The ghost of pyroka the Chopper, a novice HOMo (D:4)
  An ice statue (IceCv)
  A gargoyle (D:10)
  2 ice devils (D:12)
  13 polar bears (IceCv)
  A troll (D:9)
  Prince Ribbit (D:9)
  2 hippogriffs
  A meliai zombie (D:12)
  22 yaks
  A wyvern (D:13)
  2 vampire mosquitoes (D:12)
  6 hungry ghosts
  An acid dragon (D:12)
  2 water moccasins
  3 eyes of draining (D:9)
  5 orc warriors
  A black bear (D:11)
  4 sky beasts
  4 ice beasts
  2 phantoms
  16 wolves
  6 ogres
  A necrophage (D:13)
  2 centaurs
  A big kobold (D:9)
  6 bullfrogs
  A wyvern skeleton (D:10)
  2 scorpions
  4 wights (D:7)
  4 crimson imps
  2 howler monkeys
  A bullfrog zombie (D:12)
  3 jellies
  2 bullfrog skeletons
  A centaur zombie (D:6)
  Crazy Yiuf (D:6)
  4 orc priests
  3 hounds
  10 orc wizards
  6 iguanas
  6 worker ants
  3 gnolls (D:7)
  9 adders
  7 shadow imps
  12 white imps (D:13)
  3 oozes
  An adder zombie (D:8)
  2 adder skeletons
  3 dart slugs
  6 leopard geckos
  54 orcs
  4 bats
  3 giant cockroaches
  5 hobgoblins
  10 jackals
  4 quokkas
  A ball python (D:4)
  4 frilled lizards
  4 goblins
  8 kobolds
  A leopard gecko zombie (D:6)
  A quokka zombie (D:7)
  9 rats
328 creatures vanquished.

Vanquished Creatures (others)
  A polar bear (IceCv)
  4 yaks (IceCv)
  2 wolves (IceCv)
7 creatures vanquished.

Grand Total: 335 creatures vanquished

Notes
Turn   | Place    | Note
-------+----------+-------------------------------------------
     0 | D:1      | 4thArraOfDagon the Mummy Fire Elementalist began the quest for the Orb.
     0 | D:1      | Reached XP level 1. HP: 13/13 MP: 4/4
     5 | D:2      | Noticed an iguana
     8 | D:1      | wut
   136 | D:1      | Reached skill level 1 in Conjurations
   304 | D:2      | Reached XP level 2. HP: 19/19 MP: 1/6
   357 | D:3      | Noticed an ogre
   468 | D:5      | Entered Level 5 of the Dungeon
   590 | D:6      | Noticed a bullfrog
   595 | D:6      | Noticed an ogre
   617 | D:5      | Noticed a phantom
   652 | D:6      | Noticed a howler monkey
   685 | D:6      | Noticed a centaur
   762 | D:6      | Reached XP level 3. HP: 24/24 MP: 3/7
   767 | D:6      | Learned a level 3 spell: Conjure Flame
   801 | D:6      | Reached XP level 4. HP: 25/30 MP: 0/9
   897 | D:6      | Noticed an orc warrior
   917 | D:6      | Got a steaming mace
   928 | D:6      | Identified the +4 mace of Fortitude {flame, -Tele Str+3 Dex+7 SInv} (You found it on level 6 of the Dungeon)
  1090 | D:5      | Learned a level 4 spell: Sticky Flame
  1107 | D:5      | Reached XP level 5. HP: 28/35 MP: 7/10
  1200 | D:4      | Noticed pyroka's ghost (novice HOMo)
  1225 | D:4      | Killed pyroka's ghost
  1225 | D:4      | Reached XP level 6. HP: 15/41 MP: 7/12
  1232 | D:4      | Learned a level 5 spell: Fireball
  1343 | D:4      | Reached XP level 7. HP: 33/46 MP: 6/14
  1521 | D:4      | Found a staircase to the Ecumenical Temple.
  1527 | Temple   | Entered the Ecumenical Temple
  1616 | Temple   | Became a worshipper of Sif Muna the Loreminder
  2819 | D:3      | Reached skill level 5 in Spellcasting
  2881 | D:3      | Reached skill level 5 in Fire Magic
  3032 | D:3      | Reached * piety under Sif Muna
  3800 | D:5      | Reached skill level 1 in Invocations
  4393 | D:6      | Reached XP level 8. HP: 48/52 MP: 11/16
  4567 | D:6      | Reached skill level 5 in Conjurations
  5010 | D:6      | Found a runed door.
  5014 | D:6      | Noticed Crazy Yiuf
  5025 | D:6      | Killed Crazy Yiuf
  5190 | D:7      | Reached ** piety under Sif Muna
  5272 | D:7      | Found a shadowy altar of Dithmenos.
  5375 | D:7      | Reached XP level 9. HP: 23/57 MP: 7/18
  5928 | D:8      | Found a basalt altar of Yredelemnul.
  5933 | D:8      | Found a radiant altar of Vehumet.
  5936 | D:8      | Found an iron altar of Okawaru.
  6178 | D:8      | Reached *** piety under Sif Muna
  6325 | D:8      | Identified Zigud's Compendium of Blistering Moulding
  6650 | D:9      | Noticed a cyclops
  6698 | D:9      | Found a bloodstained altar of Trog.
  6768 | D:9      | Found a glowing silver altar of Zin.
  6902 | D:9      | Killed a cyclops
  6932 | D:9      | Reached XP level 10. HP: 46/63 MP: 16/21
  7006 | D:9      | Noticed a cyclops
  7038 | D:9      | Killed a cyclops
  7248 | D:9      | Noticed a two-headed ogre
  7249 | D:9      | Reached **** piety under Sif Muna
  7280 | D:9      | Killed a two-headed ogre
  7408 | D:9      | Noticed a manticore
  7416 | D:9      | Killed a manticore
  7598 | D:9      | Noticed Prince Ribbit
  7607 | D:9      | Killed Prince Ribbit
  7607 | D:9      | Reached skill level 5 in Invocations
  7828 | D:10     | Entered Level 10 of the Dungeon
  8065 | D:10     | Noticed a gargoyle
  8075 | D:10     | Killed a gargoyle
  8115 | D:10     | Found Awnosiog's Magic Scroll Emporium.
  8138 | D:10     | Bought a scroll of identify for 26 gold pieces
  8138 | D:10     | Bought a scroll of blinking for 97 gold pieces
  8526 | D:10     | Noticed Nergalle
  8535 | D:10     | Killed Nergalle
  8535 | D:10     | Reached XP level 11. HP: 64/68 MP: 11/24
  8674 | D:10     | Noticed Harold
  8674 | D:10     | Noticed a two-headed ogre
  8687 | D:10     | Killed a two-headed ogre
  8687 | D:10     | Reached ***** piety under Sif Muna
  8920 | D:10     | Killed Harold
  8920 | D:10     | Identified Evvibear's Catalogue of Attacks (Sif Muna gifted it to you on level 10 of the Dungeon)
  8920 | D:10     | Received a gift from Sif Muna
  8977 | D:10     | Noticed a two-headed ogre
  9006 | D:10     | Killed a two-headed ogre
  9245 | D:10     | Found a staircase to the Lair.
  9493 | D:11     | Noticed 4thArraOfDagon's ghost (journeyman MiFi)
  9510 | D:11     | Killed 4thArraOfDagon's ghost
 10275 | D:12     | Found Veun's Magic Scroll Shoppe.
 10292 | D:12     | Bought a scroll of teleportation for 42 gold pieces
 10292 | D:12     | Bought a scroll of magic mapping for 49 gold pieces
 10292 | D:12     | Bought a scroll of blinking for 105 gold pieces
 10445 | D:12     | Found a sparkling altar of Nemelex Xobeh.
 10511 | D:12     | Found a frozen archway.
 10515 | D:12     | Reached skill level 10 in Spellcasting
 10723 | D:12     | Reached skill level 10 in Fire Magic
 11060 | D:13     | Reached XP level 12. HP: 69/74 MP: 21/26
 11065 | D:13     | Found a frozen archway.
 11067 | D:13     | Noticed a two-headed ogre
 11073 | D:13     | Killed a two-headed ogre
 11088 | D:13     | Noticed Azrael
 11090 | IceCv    | Entered an ice cave
 11093 | IceCv    | Reached skill level 10 in Conjurations
 11617 | IceCv    | Got a transparent wooden ring
 11618 | IceCv    | Identified the ring "Gybropsyte" {rN+ Dex+2} (You found it in an ice cave)
 11680 | IceCv    | Identified Sif Muna's Grimoire of Combat Magic (Sif Muna gifted it to you in an ice cave)
 11680 | IceCv    | Received a gift from Sif Muna
 12310 | IceCv    | Noticed a death yak
 12329 | IceCv    | Killed a death yak
 12483 | IceCv    | Noticed a death yak
 12483 | IceCv    | Noticed a frost giant
 12483 | IceCv    | Noticed a death yak
 12491 | IceCv    | Killed a death yak
 12497 | IceCv    | Killed a death yak
 12838 | IceCv    | HP: 1/74 [frost giant/bolt of cold (17)]
 12839 | IceCv    | Killed from afar by a frost giant

Vault maps used:
D:1:      dpeg_arrival_water_fire
D:4:      minmay_temple_entry_butterflies
D:5:      first_ration
D:6:      uniq_crazy_yiuf_cottage
D:7:      kennysheep_mini_moat
D:8:      minmay_overflow_temple_star_quad, grunt_ogre_cave
D:9:      trog_eyes_of_draining, zin_treasury, minmay_diamond_spiral,
          uniq_prince_ribbit1
D:10:     lair_entry_dummy, hiddenorc1_lemuel, serial_shops, shop,
          kennysheep_generic_room_5, uniq_nergalle, uniq_harold
D:12:     basic_altar, portal_ice_cave_demonic_guard, serial_shops,
          nicolae_shop_statue_plus
D:13:     david_vaults_5, serial_ice, serial_ice_k, serial_ice_g, serial_ice_f,
          serial_ice_h, portal_ice_cave_entry_imps, uniq_azrael
Temple:   eino_temple_rhombus
IceCv:    ice_cave_caverns_02

Skill      XL: |  1  2  3  4  5  6  7  8  9 10 11 12 |
---------------+-------------------------------------+-----
Conjurations   | 1 2 3 4 5 7 8 9 10 | 10.8
Spellcasting   | 3 4 5 6 7 9 10 11 | 11.1
Fire Magic     | 3 4 5 6 7 8 10 11 | 11.0
Invocations    | 1 2 4 5 6 7 |  7.5
Dodging        | |  1.5
Stealth        | |  1.5

Action                   |  1- 3 |  4- 6 |  7- 9 | 10-12 || total
-------------------------+-------+-------+-------+-------++-------
Melee: Unarmed           |     6 |       |       |       ||     6
       Spear             |     6 |       |       |       ||     6
       Mace              |       |    15 |   281 |       ||   296
       Glaive            |       |       |    53 |   452 ||   505
 Cast: Flame Tongue      |    24 |    12 |    42 |    20 ||    98
       Conjure Flame     |       |     2 |     5 |    47 ||    54
       Sticky Flame      |       |       |    39 |    69 ||   108
       Fireball          |       |       |       |    53 ||    53
Invok: Divine Energy     |       |       |     1 |       ||     1
       Channel Magic     |       |       |       |    10 ||    10
  Use: Scroll            |       |     5 |     1 |    15 ||    21
 Stab: Sleeping          |     1 |       |     9 |     2 ||    12
       Distracted        |       |       |     1 |     1 ||     2
Armor: Robe              |     6 |    10 |   111 |    45 ||   172
       Leather armour    |       |       |       |   187 ||   187
Dodge: Dodged            |    17 |    20 |   251 |   372 ||   660

Table legend:
 A = Spawn XP
 B = Non-spawn XP
 C = Spawn XP percentage of total XP
 D = Spawn monster count
 E = Non-spawn monster count
 F = Spawn count percentage of total count
 G = Total turns spent on level
                    A         B        C        D         E        F      G
               +---------+---------+-------+---------+---------+-------+---------
         Total |       0 |   34696 |   0.0 |       0 |     329 |   0.0 | 12839
               +---------+---------+-------+---------+---------+-------+---------
           D:1 |       0 |      22 |   0.0 |       0 |      10 |   0.0 |   650
           D:2 |       0 |      86 |   0.0 |       0 |      16 |   0.0 |   728
           D:3 |       0 |     217 |   0.0 |       0 |      30 |   0.0 |   670
           D:4 |       0 |     671 |   0.0 |       0 |      13 |   0.0 |   922
           D:5 |       0 |     289 |   0.0 |       0 |      10 |   0.0 |   903
           D:6 |       0 |     874 |   0.0 |       0 |      23 |   0.0 |  1194
           D:7 |       0 |    1261 |   0.0 |       0 |      34 |   0.0 |   740
           D:8 |       0 |     702 |   0.0 |       0 |      15 |   0.0 |   677
           D:9 |       0 |    4684 |   0.0 |       0 |      42 |   0.0 |  1244
          D:10 |       0 |    5709 |   0.0 |       0 |      21 |   0.0 |  1228
          D:11 |       0 |    3719 |   0.0 |       0 |      23 |   0.0 |  1148
          D:12 |       0 |    2787 |   0.0 |       0 |      21 |   0.0 |   719
          D:13 |       0 |    2016 |   0.0 |       0 |      22 |   0.0 |   167
         IceCv |       0 |   11659 |   0.0 |       0 |      49 |   0.0 |  1749
               +---------+---------+-------+---------+---------+-------+---------
